 Dungeon Crawl Stone Soup version 0.24.0-29-g8ce449bc06 (webtiles) character file.

Game seed: 6049971341821157461, levelgen mode: deterministic

73 Descartes the Insei (level 4, -6/21 HPs)
             Began as a Vine Stalker Transmuter on Nov 15, 2019.
             Mangled by a centaur
             ... wielding a +0 hand axe
              (7 damage)
             ... on level 3 of the Dungeon.
             The game lasted 00:04:06 (2220 turns).

Descartes the Insei (Vine Stalker Transmuter)       Turns: 2220, Time: 00:04:06

Health: -6/21      AC:  3    Str: 13    XL:     4   Next: 27%
Magic:  0/8        EV: 12    Int: 13    God:
Gold:   125        SH:  0    Dex: 15    Spells: 4/7 levels left

rFire    + . .     SeeInvis .     - Unarmed
rCold    + . .     Gourm    .   (no shield)
rNeg     + . .     Faith    .   b - +0 robe
rPois    .         Spirit   +   c - +1 hat
rElec    .         Reflect  .   n - scarf {rC+ rF+}
rCorr    .         Harm     .   (no gloves)
MR       .....                  (no boots)
Stlth    +.........             (no amulet)
HPRegen  0.47/turn              p - ring of positive energy
MPRegen  0.11/turn              (no ring)

@: no status effects
A: fangs 2, regeneration 1, magic shield, antimagic bite, no potion heal 3, rot
immunity
a: no special abilities


You were on level 3 of the Dungeon.
You were not hungry.

You visited 1 branch of the dungeon, and saw 3 of its levels.

You collected 125 gold pieces.

Inventory:

Missiles
 a - 12 arrows
 e - 113 stones (quivered)
 j - 45 bolts
 k - 7 javelins
 r - 62 sling bullets
 v - 16 poisoned darts
Armour
 b - a +0 robe (worn)
 c - a +1 hat (worn)
 n - a scarf of resistance (worn)
Jewellery
 p - a ring of positive energy (left hand)
Scrolls
 f - 2 scrolls of teleportation {unknown}
 g - a scroll of enchant weapon {unknown}
 h - a scroll of identify {unknown}
 i - 2 scrolls of amnesia {unknown}
 l - a scroll of fear {unknown}
 q - a scroll of blinking {unknown}
 w - a scroll of immolation {unknown}
Potions
 m - 2 potions of lignification {unknown}
 o - a potion of haste {unknown}
 t - a potion of agility {unknown}
 u - a potion of mutation {unknown}
Comestibles
 d - 4 rations
 s - 3 chunks of flesh


   Skills:
 - Level 0.8 Fighting
 - Level 1.5 Dodging
 + Level 0.0 Stealth
 + Level 5.0 Unarmed Combat
 - Level 2.2 Spellcasting
 + Level 2.0 Transmutations


You had 4 spell levels left.
You knew the following spells:

 Your Spells              Type           Power        Failure   Level  Hunger
a - Beastly Appendage     Tmut           #.....       11%         1    ##.....
b - Sticks to Snakes      Tmut           #.......     17%         2    ###....

Your spell library contained the following spells:

 Spells                   Type           Power        Failure   Level  Hunger
 Spider Form              Tmut/Pois      #.........   45%         3    ####...
 Ice Form                 Ice/Tmut       #.......     86%         4    #####..
 Blade Hands              Tmut           #.........   97%         5    ######.


Dungeon Overview and Level Annotations

Branches:
Dungeon (3/15)

Altars:
Dithmenos


Innate Abilities, Weirdness & Mutations

You have extremely sharp teeth.
Your natural rate of healing is unusually fast.
When hurt, damage is shared between your health and your magic reserves.
Your bite disrupts and absorbs the magic of your enemies.
Potions cannot restore your health.
You are immune to rotting.


Message History

You drain its power.
You feel invigorated.
The centaur is lightly wounded.
The centaur hits you with a +0 hand axe.
The centaur closely misses you.
You barely miss the centaur. You bite the centaur, but do no damage.
The centaur is lightly wounded.
The centaur barely misses you.
You hit the centaur.
The centaur is moderately wounded.
The centaur hits you with a +0 hand axe.
* * * LOW HITPOINT WARNING * * *
You closely miss the centaur.
The centaur is moderately wounded.
The centaur hits you with a +0 hand axe.
You hit the centaur.
The centaur is moderately wounded.
The centaur hits you with a +0 hand axe!
* * * LOW HITPOINT WARNING * * *
The centaur hits you with a +0 hand axe!
You die...

.#### #.....##
.#.............##.###..#
.................<###...
..........#.....##......
..........##.#..#...รท...
.............#.....#####
.............#....####..
.......c.....#.........#
...../.@.........###....
.............##...#.....
.............##.).......
###..##......##..##.....
........((..............
........###......#..#...
.#......##..#.##.#.##...
##..##..#.##.##...##...
#........##.##...##...


You could see a centaur.

Vanquished Creatures
  An adder (D:2)
  An ooze (D:2)
  A dart slug (D:1)
  3 leopard geckos
  9 giant cockroaches
  6 goblins
  6 hobgoblins
  2 jackals (D:1)
  3 kobolds
  9 bats
  3 frilled lizards (D:2)
  4 rats
48 creatures vanquished.

Notes
Turn   | Place    | Note
-------+----------+-------------------------------------------
     0 | D:1      | Descartes the Vine Stalker Transmuter began the quest for
                  | the Orb.
     0 | D:1      | Reached XP level 1. HP: 9/9 MP: 4/4
   110 | D:1      | Reached XP level 2. HP: 12/14 MP: 6/6
   556 | D:1      | Reached skill level 4 in Unarmed Combat
   601 | D:1      | Reached XP level 3. HP: 16/17 MP: 7/7
  1587 | D:2      | Found a shadowy altar of Dithmenos.
  1603 | D:2      | Gained mutation: Your natural rate of healing is unusually
                  | fast. [Vine Stalker growth]
  1603 | D:2      | Reached XP level 4. HP: 16/21 MP: 8/8
  2147 | D:3      | Reached skill level 5 in Unarmed Combat
  2154 | D:3      | Learned a level 2 spell: Sticks to Snakes
  2209 | D:3      | Noticed a centaur
  2220 | D:3      | HP: 1/21 [centaur/+0 hand axe (5)]
  2220 | D:3      | Mangled by a centaur

Levels and vault maps discovered:
D:1:      dpeg_arrival_erosion, layout_basic, minmay_door_square
D:2:      layout_basic, grunt_dithmenos_smoke
D:3:      layout_rooms, uniq_natasha

Skill      XL: |  1  2  3  4 |
---------------+-------------+-----
Unarmed Combat | 4 5 |  5.0
Fighting       | |  0.8
Dodging        | |  1.5
Spellcasting   | |  2.2
Transmutations | |  2.0

Action                   |  1- 3 |  4- 6 || total
-------------------------+-------+-------++-------
Melee: Unarmed           |   112 |    41 ||   153
       Bite              |    18 |    10 ||    28
       Punch             |     4 |     1 ||     5
 Stab: Sleeping          |     2 |     1 ||     3
  Eat: Chunk             |     2 |     2 ||     4
Armor: Robe              |    27 |    13 ||    40
Dodge: Dodged            |    77 |    30 ||   107
